 Dungeon Sprint DCSS version 0.32-a0-433-g08bcfe7efd (webtiles) character file.

Game seed: 13650118158557851242

1950 adelrune the Fighter (level 8, -7/79 HPs)
             Began as a Red Draconian Ice Elementalist on Feb 22, 2024.
             Was a Believer of Vehumet.
             Mangled by a wraith (10 damage)
             ... in the Dungeon (Sprint IX: "|||||||||||||||||||||||||||||").
             The game lasted 00:05:10 (564 turns).

adelrune the Fighter (DrIE)                          Turns: 564, Time: 00:05:11

Health: -7/79      AC:  7    Str: 10    XL:     8   Next: 99%
Magic:  6/20       EV: 18    Int: 19    God:    Vehumet [**....]
Gold:   0          SH:  0    Dex: 14    Spells: 12/24 levels left

rFire   + . .        (no weapon)
rCold   . . .        (no shield)
rNeg    . . .        (body armour unavailable)
rPois   .            (helmet restricted)
rElec   .            (no cloak)
rCorr   .            (no gloves)
SInv    .            i - +0 pair of boots
Will    .....        (no amulet)
Stlth   ++++         j - +2 ring of evasion
HPRegen 0.33/turn    k - +3 ring of dexterity
MPRegen 0.17/turn

%: no teleportation
@: hasted and slowed
A: breathe fire, AC +6, unfitting armour, fire resistance 1, cold-blooded
a: Breathe Fire, Renounce Religion


You were in the Dungeon.
You worshipped Vehumet.
Vehumet was pleased with you.
You visited 1 branch

Inventory:

Armour
 i - a +0 pair of boots (worn)
Jewellery
 j - a +2 ring of evasion (left hand)
 k - a +3 ring of dexterity (right hand)
Wands
 h - a wand of quicksilver (6)
Scrolls
 f - 2 scrolls of blinking
 g - 2 scrolls of amnesia
Potions
 a - 4 potions of magic
 b - 5 potions of curing
 c - a potion of invisibility
 e - a potion of heal wounds


   Skills:
 + Level 9.9 Fighting
 + Level 8.6 Dodging
 + Level 9.3 Stealth
 + Level 8.6 Spellcasting
 * Level 0.0 Conjurations
 + Level 8.4 Ice Magic


You had 12 spell levels left.
You knew the following spells:

 Your Spells              Type           Power      Damage    Failure   Level
a - Freeze                Ice            100%       1d10      1%          1
b - Frozen Ramparts       Ice            80%        1d13      1%          3
c - Ozocubu's Armour      Ice            40%        N/A       1%          3
d - Summon Ice Beast      Ice/Summ       24%        N/A       4%          3
e - Searing Ray           Conj           16%        2d5       13%         2

Your spell library contained the following spells:

 Spells                   Type           Power      Damage    Failure   Level


Dungeon Overview and Level Annotations

Branches:
Dungeon (1/1)

Altars:
Cheibriados
Dithmenos
Elyvilon
Fedhas
Gozag
Hepliaklqana
Kikubaaqudgha
Makhleb
Nemelex Xobeh
Okawaru
Qazlal
Ru
Sif Muna
Trog
Uskayaw
Vehumet
Wu Jian
Xom
Yredelemnul
Zin
The Shining One
Beogh
Jiyva
Lugonu


Innate Abilities, Weirdness & Mutations

You can breathe blasts of fire.
Your fiery red scales are hard. (AC +6)
You cannot fit into any form of body armour.
Your flesh is heat resistant. (rF+)
You are cold-blooded and may be slowed by cold attacks.


Message History

You feel as though you will be slow longer.
The meliai buzzes angrily.
You hit the wraith.
The wraith is heavily damaged.
The wraith hits you.
Your magical contamination has completely faded away.
You hit the wraith but do no damage.
The wraith is heavily damaged.
The meliai calls down the wrath of its god upon you.
Something smites you!
* * * LOW HITPOINT WARNING * * *
The wraith misses you.
You hit the wraith but do no damage.
The wraith is heavily damaged.
The meliai mumbles some strange prayers to its god against you.
Something smites you!
* * * LOW HITPOINT WARNING * * *
The wraith hits you but does no damage.
You closely miss the wraith.
Your tail-slap misses the wraith.
The wraith is heavily damaged.
The wraith completely misses you.
You hit the wraith but do no damage.
The wraith is heavily damaged.
Your icy armour evaporates.
The wraith hits you.
* * * LOW HITPOINT WARNING * * *
You barely miss the wraith.
You tail-slap the wraith, but do no damage.
The wraith is heavily damaged.
The wraith misses you.
You closely miss the wraith. You tail-slap the wraith.
The wraith is heavily damaged.
The wraith hits you!
* * * LOW HITPOINT WARNING * * *
The wraith drains your vigour!
You feel as though you will be slow longer.
You hit the wraith.
The wraith is heavily damaged.
The wraith hits you!
You die...

▓.▓
▓.▓
▓.▓
▓)▓
▓'▓
▓.▓
▓y▓
▓W▓
▓@▓
▓▓▓


You could see a wraith and a meliai.

Vanquished Creatures
  A two-headed ogre (D)
  A tengu warrior (D)
  A troll (D)
  A wraith (D)
  A wyvern (D)
  A yak (D)
  A centaur (D)
  A hound (D)
  An iguana (D)
  An orc wizard (D)
  A ribbon worm (D)
  An orc (D)
  A bat (D)
  A quokka (D)
  A frilled lizard (D)
  A kobold (D)
  A rat (D)
17 creatures vanquished.

Notes
Turn   | Place    | Note
-------+----------+-------------------------------------------
     0 | D        | adelrune the Draconian Ice Elementalist began the quest for
                  | the Orb.
     0 | D        | Reached XP level 1. HP: 14/14 MP: 3/3
    40 | D        | Reached skill level 1 in Fighting
    88 | D        | Noticed an orc wizard
    88 | D        | Noticed an iguana
    88 | D        | Noticed a hound
   106 | D        | Killed a hound
   107 | D        | Reached XP level 2. HP: 25/25 MP: 0/6
   107 | D        | Reached XP level 3. HP: 30/30 MP: 0/7
   114 | D        | Reached skill level 5 in Ice Magic
   125 | D        | Reached XP level 4. HP: 33/40 MP: 1/9
   188 | D        | Learned a level 3 spell: Frozen Ramparts
   192 | D        | Learned a level 3 spell: Ozocubu's Armour
   196 | D        | Learned a level 3 spell: Summon Ice Beast
   200 | D        | Found a roughly hewn altar of Beogh.
   200 | D        | Found a snail-covered altar of Cheibriados.
   200 | D        | Found a shadowy altar of Dithmenos.
   200 | D        | Found a white marble altar of Elyvilon.
   200 | D        | Found a blossoming altar of Fedhas.
   200 | D        | Found an opulent altar of Gozag.
   201 | D        | Found a hazy altar of Hepliaklqana.
   202 | D        | Found a viscous altar of Jiyva.
   203 | D        | Found an ancient bone altar of Kikubaaqudgha.
   204 | D        | Found a corrupted altar of Lugonu.
   205 | D        | Found a burning altar of Makhleb.
   206 | D        | Found a sparkling altar of Nemelex Xobeh.
   207 | D        | Found an iron altar of Okawaru.
   208 | D        | Found a stormy altar of Qazlal.
   209 | D        | Found a sacrificial altar of Ru.
   210 | D        | Found a shimmering blue altar of Sif Muna.
   211 | D        | Found a bloodstained altar of Trog.
   212 | D        | Found a hide-covered altar of Uskayaw.
   213 | D        | Found a radiant altar of Vehumet.
   214 | D        | Found an ornate altar of the Wu Jian Council.
   215 | D        | Found a shimmering altar of Xom.
   216 | D        | Found a basalt altar of Yredelemnul.
   217 | D        | Found a glowing silver altar of Zin.
   218 | D        | Found a glowing golden altar of the Shining One.
   221 | D        | Became a worshipper of Vehumet
   253 | D        | Noticed a yak
   253 | D        | Noticed a two-headed ogre
   253 | D        | Noticed a troll
   253 | D        | Noticed a wyvern
   253 | D        | Noticed a centaur
   253 | D        | Noticed a wraith
   266 | D        | Killed a centaur
   267 | D        | Reached skill level 5 in Fighting
   267 | D        | Reached skill level 5 in Stealth
   267 | D        | Reached XP level 5. HP: 33/48 MP: 1/12
   267 | D        | Killed a wyvern
   268 | D        | Reached skill level 5 in Dodging
   268 | D        | Reached skill level 5 in Spellcasting
   268 | D        | Reached XP level 6. HP: 40/57 MP: 1/14
   268 | D        | Killed a wraith
   268 | D        | Reached * piety under Vehumet
   268 | D        | Offered knowledge of Kiss of Death by Vehumet.
   268 | D        | Killed a yak
   269 | D        | Your scales start taking on a fiery red colour.
   269 | D        | Reached XP level 7. HP: 22/66 MP: 2/17
   269 | D        | Gained mutation: Your flesh is heat resistant. (rF+) [Red
                  | Draconian growth]
   269 | D        | Killed a troll
   270 | D        | Killed a two-headed ogre
   270 | D        | Reached ** piety under Vehumet
   271 | D        | Reached XP level 8. HP: 21/78 MP: 4/20
   449 | D        | Noticed a deep elf pyromancer
   449 | D        | Noticed a two-headed ogre
   449 | D        | Noticed a meliai
   449 | D        | Noticed a tengu warrior
   537 | D        | Killed a tengu warrior
   537 | D        | Offered knowledge of Searing Ray by Vehumet.
   541 | D        | Learned a level 2 spell: Searing Ray
   563 | D        | HP: 2/79 [wraith (8)]
   564 | D        | Mangled by a wraith

Illustrated notes

Levels and vault maps discovered:
D:        linesprint [early_d, line_temple, items_1, d_10, items_2, lair_1,
          lair_end, items_3, orc_1, orc_end, items_4, d_15, swamp_1, shoals_1,
          snake_1, spider_1, d_20, vaults_1, items_5, swamp_end, shoals_end,
          snake_end, spider_end, vaults_end, d_27, items_6, zot_1, zot_end,
          crypt_end, forest_end, elf_end, slime_end, tomb_end, abyss_end,
          pan_hell_end]

Skill      XL: |  1  2  3  4  5  6  7  8 |
---------------+-------------------------+-----
Dodging        | 3 4 5 6 8 |  8.6
Stealth        | 3 4 5 6 7 8 9 |  9.3
Fighting       | 2 3 5 6 7 9 |  9.9
Spellcasting   | 3 4 5 6 8 |  8.6
Ice Magic      | 5 6 7 6 7 8 |  8.4

Action                     |  1- 3 |  4- 6 |  7- 9 || total
---------------------------+-------+-------+-------++-------
  Melee: Unarmed           |    69 |     9 |    13 ||    91
         Tailslap          |     8 |     2 |     3 ||    13
   Cast: Freeze            |     3 |       |    10 ||    13
         Ozocubu's Armour  |       |     1 |     2 ||     3
         Frozen Ramparts   |       |     1 |     1 ||     2
         Summon Ice Beast  |       |       |     4 ||     4
         Searing Ray       |       |       |     2 ||     2
Ability: Breathe Fire      |       |       |     1 ||     1
  Evoke: Wand              |       |     3 |     1 ||     4
    Use: Potion            |     2 |       |     3 ||     5
 Armour: Skin              |    40 |     8 |    41 ||    89
  Dodge: Dodged            |    41 |     9 |    20 ||    70

Table legend: (Time is in decaauts)
 A = Elapsed time spent in this place.
 B = Non-inter-level travel time spent in this place.
 C = Inter-level travel time spent in this place.
 D = Time resting spent in this place.
 E = Time spent auto-exploring this place.
 F = Levels seen in this place.
 G = Mean time per level.
                   A        B        C        D        E       F      G
               +--------+--------+--------+--------+--------+-----+--------+
         Total |    560 |    560 |      0 |    272 |      0 |   1 |  560.0 |
       Dungeon |    560 |    560 |      0 |    272 |      0 |   1 |  560.0 |
               +--------+--------+--------+--------+--------+-----+--------+

Top non-repeatable levels by time:
       D: 560 daAuts
